 Dungeon Crawl Stone Soup version 0.31-a0-37-g98a128e1d9 (webtiles) character file.

Game seed: 5917256938055682797

3523 senseless the Trooper (level 9, -5/72 HPs)
             Began as a Demonspawn Fighter on May 15, 2023.
             Was a Follower of Yredelemnul.
             Slain by a two-headed ogre
             ... wielding a +0 giant spiked club
              (7 damage)
             ... on level 8 of the Dungeon on May 16, 2023.
             The game lasted 00:29:38 (8105 turns).

senseless the Trooper (Demonspawn Fighter)          Turns: 8105, Time: 00:29:39

Health: -5/72      AC: 14    Str: 23    XL:     9   Next: 81%
Magic:  13/13      EV: 13    Int: 10    God:    Yredelemnul [*.....]
Gold:   270        SH:  0    Dex: 12    Spells: 8/8 levels left

rFire   + . .        a - +9 longbow (flame)
rCold   + + .        (shield currently unavailable)
rNeg    . . .        f - +3 ring mail {rPois}
rPois   +            (helmet restricted)
rElec   .            h - +2 cloak
rCorr   .            (no gloves)
SInv    .            (no boots)
Will    .....        (no amulet)
Stlth   +            o - ring "Jiotohosm" {Drain Fly rF+ rC+ Str+2}
HPRegen 0.32/turn    k - ring of protection from cold
MPRegen 0.13/turn

%: no passive effects
@: mighty, flying
A: antennae 1, claws 2, hooves 2, powered by pain 1, iridescent scales 1, noise
suppression
a: Renounce Religion, Recall Undead Harvest


You were on level 8 of the Dungeon.
You worshipped Yredelemnul.
Yredelemnul was noncommittal.
You visited 2 branches of the dungeon, and saw 9 of its levels.

You collected 419 gold pieces.
You spent 149 gold pieces at shops.

Inventory:

Hand Weapons
 a - a +9 longbow of flaming (weapon)
 u - a +2 war axe of electrocution
 w - a +3 spear
 z - a +2 war axe of freezing
 E - a +2 spear of venom
Missiles
 p - 5 atropa-tipped darts
 y - 4 throwing nets
Armour
 c - a +0 buckler
 f - a +3 ring mail of poison resistance (worn)
 h - a +2 cloak (worn)
 s - a +0 kite shield
 t - a +0 pair of boots
 A - a +0 chain mail
 B - a +0 pair of gloves
 D - a +1 leather armour of cold resistance
 F - a +2 buckler
Jewellery
 k - a ring of protection from cold (right claw)
 o - the ring "Jiotohosm" (left claw) {Drain Fly rF+ rC+ Str+2}
   (You found it on level 7 of the Dungeon)

   [ring of protection from cold]

   Str:       It affects your strength (+2).
   rF:        It protects you from fire.
   rC:        It protects you from cold.
   Fly:       It grants you flight.
   Drain:     It drains your maximum health when unequipped.
 G - a ring of resist corrosion
Wands
 x - a wand of flame (38)
 C - a wand of paralysis (9)
Scrolls
 g - 4 scrolls of teleportation
 i - a scroll of poison {unknown}
 l - a scroll of identify
 q - a scroll of butterflies
 r - a scroll of fog
Potions
 b - a potion of haste
 d - a potion of might
 e - a potion of ambrosia
 j - a potion of resistance
 m - 2 potions of heal wounds
 n - 3 potions of curing
 H - a potion of brilliance


   Skills:
 * Level 7.3 Fighting
 - Level 1.9 Axes
 * Level 2.3 Ranged Weapons
 + Level 5.1 Armour
 * Level 6.0 Dodging
 - Level 3.7 Shields
 * Level 5.9 Unarmed Combat
 + Level 6.0 Invocations


You had 8 spell levels left.
You didn't know any spells.
Your spell library was empty.

Dungeon Overview and Level Annotations

Branches:
Dungeon (8/15)             Temple (1/1) D:6
   Lair: D:8-11

Altars:
Ashenzari
Dithmenos
Gozag
Hepliaklqana
Kikubaaqudgha
Makhleb
Nemelex Xobeh
Okawaru
Qazlal
Ru
Trog
Uskayaw
Vehumet
Xom
Yredelemnul

Shops:
D:2 [   D:5 (

Annotations:
D:4 1 transporter, Iidacon's ghost, amateur DEGl


Innate Abilities, Weirdness & Mutations

You have a pair of small antennae on your head.
You have very sharp fingernails.
You have hoof-like feet.
You sometimes gain a little power by taking damage.
You are partially covered in iridescent scales. (AC +2)
You passively dampen the noise of your surroundings.


Message History

Your Dodging skill increases to level 6!
Your Invocations skill increases to level 6!
You swap places.
You swap places.
Things that are here:
a +1 dagger of distortion; a +0 robe You swap places.
You swap places.
You swap places.
You sense a monster nearby.
A two-headed ogre comes into view.
It is wielding a +0 giant spiked club and a +0 giant club.
The two-headed ogre shouts in stereo!
You shoot an arrow. The arrow hits the two-headed ogre.
The arrow burns the two-headed ogre.
The two-headed ogre is lightly wounded.
The two-headed ogre closely misses you.
The two-headed ogre hits you with a +0 giant club!
You shoot an arrow. The arrow hits the two-headed ogre!
The arrow burns the two-headed ogre.
The two-headed ogre is moderately wounded.
The two-headed ogre barely misses you. The two-headed ogre closely misses you.
You shoot an arrow. The arrow hits the two-headed ogre!
The arrow burns the two-headed ogre.
The two-headed ogre is severely wounded.
The two-headed ogre hits you with a +0 giant spiked club!!
The two-headed ogre hits you with a +0 giant club!
You focus on the pain.
You feel very mighty all of a sudden.
You are too injured to fight recklessly!
You shoot an arrow.
The arrow closely misses the two-headed ogre.
The two-headed ogre hits you with a +0 giant spiked club.
The two-headed ogre closely misses you.
You shoot an arrow.
The arrow barely misses the two-headed ogre.
The two-headed ogre hits you with a +0 giant spiked club!!
* * * LOW HITPOINT WARNING * * *
The two-headed ogre hits you with a +0 giant club!
You die...
Your body rises from the dead as a mindless zombie.

#.. ### #########
#### #.......# #...
#.#####.#######
#.##
####......)#####.##
#.@Z....##...).....
#O##Z##....#####.#.
#. #.#####.# #.#.
.. ..# #.# #..
##.##.. ..# ### #.
### ### #. #.


You could see a two-headed ogre (ally target), a friendly orc zombie and the
friendly Psyche the human zombie.

Vanquished Creatures
  Psyche (D:8)
  A wyvern (D:7)
  A steam dragon (D:6)
  A water moccasin (D:5)
  4 orc warriors
  A sky beast (D:7)
  2 ice beasts
  A black bear (D:3)
  An ogre (D:4)
  2 centaurs
  3 gnoll sergeants
  6 bullfrogs
  A scorpion (D:6)
  A crimson imp (D:5)
  A lava snake (D:7)
  3 orc priests
  3 jellies
  A gnoll bouda (D:7)
  4 hounds
  4 iguanas
  9 orc wizards
  25 gnolls
  6 adders
  2 white imps (D:6)
  2 worms
  3 dart slugs
  26 orcs
  5 bats
  6 endoplasms
  5 giant cockroaches
  9 goblins
  4 hobgoblins
  5 jackals
  6 kobolds
  3 quokkas
  9 ball pythons
  3 frilled lizards
  2 goblin skeletons (D:5)
  A goblin zombie (D:5)
  A hobgoblin zombie (D:5)
  2 kobold skeletons (D:5)
  A kobold zombie (D:5)
  3 orc skeletons (D:5)
  3 orc zombies (D:5)
  4 rats
187 creatures vanquished.

Vanquished Creatures (collateral kills)
  A sky beast (D:7)
  2 gnolls (D:6)
3 creatures vanquished.

Vanquished Creatures (others)
  An orc wizard (D:7)
  A hound zombie (D:6)
  10 gnoll zombies
  6 orc zombies
18 creatures vanquished.

Grand Total: 208 creatures vanquished

Notes
Turn   | Place    | Note
-------+----------+-------------------------------------------
     0 | D:1      | senseless the Demonspawn Fighter began the quest for the
                  | Orb.
     0 | D:1      | Reached XP level 1. HP: 18/18 MP: 1/1
   238 | D:1      | Discovered your monstrous ancestry.
   238 | D:1      | Gained mutation: You have sharp fingernails. [demonic
                  | ancestry]
   238 | D:1      | Reached XP level 2. HP: 24/24 MP: 2/2
   417 | D:1      | Found a faded altar of an unknown god.
   544 | D:1      | Reached skill level 1 in Invocations
   733 | D:2      | Gained mutation: You have large cloven feet. [demonic
                  | ancestry]
   733 | D:2      | Reached XP level 3. HP: 20/29 MP: 3/3
   831 | D:2      | Reached skill level 1 in Unarmed Combat
   957 | D:2      | Reached skill level 1 in Dodging
  1103 | D:2      | Gained mutation: You have very sharp fingernails. [demonic
                  | ancestry]
  1103 | D:2      | Reached XP level 4. HP: 31/35 MP: 5/5
  1313 | D:2      | Found Taehitt's Antique Armour Shop.
  1369 | D:3      | You fall into a shaft and drop 1 floor!
  1517 | D:4      | Noticed an ogre
  1527 | D:4      | Killed an ogre
  1528 | D:4      | Reached XP level 5. HP: 27/42 MP: 6/6
  1643 | D:4      | Noticed an ogre
  1649 | D:4      | Found a transporter.
  1650 | D:4      | Noticed an ogre
  1698 | D:4      | Found a hazy altar of Hepliaklqana.
  2129 | D:3      | Noticed a black bear
  2137 | D:3      | Reached skill level 4 in Fighting
  2137 | D:3      | Gained mutation: You sometimes gain a little power by
                  | taking damage. [demonic ancestry]
  2137 | D:3      | Reached XP level 6. HP: 33/48 MP: 7/7
  2820 | D:4      | Noticed Iidacon's ghost (amateur DEGl)
  2889 | D:5      | Entered Level 5 of the Dungeon
  3417 | D:5      | Gained mutation: You have hoof-like feet. [demonic
                  | ancestry]
  3417 | D:5      | Reached XP level 7. HP: 42/55 MP: 9/9
  3594 | D:5      | Found Lopedim's Antique Weapon Shoppe.
  3602 | D:5      | Bought a glowing war axe for 149 gold pieces
  4587 | D:6      | Reached skill level 5 in Fighting
  4613 | D:6      | Reached XP level 8. HP: 36/62 MP: 10/10
  4706 | D:6      | Found a staircase to the Ecumenical Temple.
  4756 | Temple   | Entered the Ecumenical Temple
  4765 | Temple   | Became a worshipper of Yredelemnul the Dark
  4853 | D:6      | Reached * piety under Yredelemnul
  5310 | D:6      | Reached ** piety under Yredelemnul
  5459 | D:6      | Reached skill level 6 in Fighting
  5729 | D:6      | Found a bloodstained altar of Trog.
  5730 | D:6      | Found a shadowy altar of Dithmenos.
  5736 | D:6      | Found an opulent altar of Gozag.
  5737 | D:6      | Found a radiant altar of Vehumet.
  5740 | D:6      | Found a sacrificial altar of Ru.
  5851 | D:6      | Gained mutation: You passively dampen the noise of your
                  | surroundings. [potion of mutation]
  5851 | D:6      | Gained mutation: You are partially covered in iridescent
                  | scales. (AC +2) [potion of mutation]
  6167 | D:7      | Reached skill level 5 in Invocations
  6363 | D:7      | Reached *** piety under Yredelemnul
  6463 | D:7      | Found a transporter.
  6482 | D:7      | Identified the ring "Jiotohosm" {Drain Fly rF+ rC+ Str+2}
  6505 | D:7      | Found a transporter.
  6535 | D:7      | Reached skill level 5 in Dodging
  6535 | D:7      | Gained mutation: You have a pair of small antennae on your
                  | head. [demonic ancestry]
  6535 | D:7      | Reached XP level 9. HP: 71/71 MP: 12/12
  6575 | D:7      | Reached skill level 5 in Unarmed Combat
  6863 | D:7      | Found a burning altar of Makhleb.
  7280 | D:7      | Reached **** piety under Yredelemnul
  7710 | D:7      | Reached skill level 1 in Ranged Weapons
  7806 | D:8      | Reached skill level 7 in Fighting
  7889 | D:8      | Reached skill level 5 in Armour
  8068 | D:8      | Noticed Psyche
  8072 | D:8      | Killed Psyche
  8100 | D:8      | Noticed a two-headed ogre
  8105 | D:8      | HP: 2/72 [two-headed ogre/+0 giant spiked club (20)]
  8105 | D:8      | Slain by a two-headed ogre

Illustrated notes

Levels and vault maps discovered:
D:1:      dpeg_arrival_orchard, layout_loops_ring,
          shapermc_ecumenical_altar_mp_highgroup, kennysheep_another_room,
          minmay_pentomino_r2
D:2:      layout_loops_cross, serial_shops, shop, serial_bayou_pond_b
D:3:      layout_rooms
D:4:      layout_gridville, mainiacjoe_overflow_alcove_4, gammafunk_ghost_smash
D:5:      layout_basic, nicolae_tso_besieged_by_evil, serial_shops,
          nicolae_shop_crystal
D:6:      layout_basic, minitemple, minmay_temple_entry_waves
D:7:      gammafunk_beogh_shrine, layout_basic, bloody_makhleb,
          kennysheep_cluttered_room
D:8:      layout_loops_cross, uniq_pikel, uniq_psyche, uniq_erica
Temple:   hellmonk_temple_two_chambers

Skill      XL: |  1  2  3  4  5  6  7  8  9 |
---------------+----------------------------+-----
Invocations    | 1 2 3 5 6 |  6.0
Armour         | 3 4 5 |  5.1
Unarmed Combat | 1 2 3 4 5 |  5.9
Dodging        | 1 2 3 5 6 |  6.0
Shields        | 3 |  3.7
Fighting       | 4 5 6 7 |  7.3
Ranged Weapons | 2 |  2.3
Axes           | |  1.9

Action                     |  1- 3 |  4- 6 |  7- 9 || total
---------------------------+-------+-------+-------++-------
  Melee: War axe           |   107 |   119 |   186 ||   412
         Kick              |       |    31 |    60 ||    91
         Hand axe          |       |    56 |    34 ||    90
         Punch             |       |       |     4 ||     4
         Unarmed           |       |       |    27 ||    27
   Fire: Longbow           |       |       |    41 ||    41
  Throw: Dart              |       |     7 |       ||     7
    Use: Potion            |       |       |     6 ||     6
         Scroll            |       |       |    18 ||    18
   Stab: Distracted        |       |       |     2 ||     2
 Armour: Scale mail        |    51 |    91 |       ||   142
         Ring mail         |       |       |   157 ||   157
         Chain mail        |       |       |    22 ||    22
  Dodge: Dodged            |    53 |   123 |   195 ||   371
  Block: Buckler           |    21 |    48 |     8 ||    77
         Kite shield       |       |       |     4 ||     4

Table legend: (Time is in decaauts)
 A = Elapsed time spent in this place.
 B = Non-inter-level travel time spent in this place.
 C = Inter-level travel time spent in this place.
 D = Time resting spent in this place.
 E = Time spent auto-exploring this place.
 F = Levels seen in this place.
 G = Mean time per level.
                   A        B        C        D        E       F      G
               +--------+--------+--------+--------+--------+-----+--------+
         Total |   8323 |   7787 |    536 |    645 |   5459 |   9 |  924.8 |
       Dungeon |   8134 |   7606 |    528 |    477 |   5459 |   8 | 1016.8 |
        Temple |    189 |    181 |      8 |    168 |      0 |   1 |  189.0 |
               +--------+--------+--------+--------+--------+-----+--------+

Top non-repeatable levels by time:
     D:7: 1697 daAuts
     D:6: 1385 daAuts
     D:5: 1340 daAuts
     D:4: 1282 daAuts
     D:2: 774 daAuts
     D:1: 660 daAuts
     D:3: 601 daAuts
     D:8: 392 daAuts
  Temple: 189 daAuts
